 Dungeon Crawl Stone Soup version 0.21.1-1-g345015f (webtiles) character file.

47 inc the Sneak (level 3, -5/15 HPs)
             Began as a Felid Ice Elementalist on Feb 19, 2018.
             Killed from afar by Natasha (7 damage)
             ... with a magic dart
             ... on level 2 of the Dungeon.
             The game lasted 00:05:20 (1489 turns).

inc the Sneak (Felid Ice Elementalist)              Turns: 1489, Time: 00:05:21

Health: -5/15      AC:  1    Str:  4    XL:     3   Next: 48%
Magic:  1/7        EV: 18    Int: 17    God:
Gold:   124        SH:  0    Dex: 16    Spells: 5/6 levels left
                                        Lives:  0   Deaths: 0

rFire    . . .     SeeInvis +   (weapon unavailable)
rCold    . . .     Gourm    .   (shield unavailable)
rNeg     . . .     Faith    .   (armour unavailable)
rPois    .         Spirit   .   (helmet unavailable)
rElec    .         Reflect  .   (cloak unavailable)
rCorr    .         Harm     .   (gloves unavailable)
MR       .....                  (boots unavailable)
Stlth    +++.......             (no amulet)
HPRegen  0.05/turn              h - ring of see invisible
MPRegen  0.10/turn              (no ring)

@: quick
A: very small, no armour, no weapons or thrown items, stealth, claws 1, fangs 3,
see invisible, carnivore, speed 1, shaggy fur 1, slow metabolism 1, sharp paws
a: no special abilities


You were on level 2 of the Dungeon.
You were full.

You visited 1 branch of the dungeon, and saw 2 of its levels.

You collected 124 gold pieces.

Inventory:

Jewellery
 h - a ring of see invisible (left paw)
Scrolls
 e - a scroll of fog {unknown}
 f - 2 scrolls of remove curse {unknown}
 g - a scroll of teleportation {unknown}
 i - a scroll of identify {unknown}
Potions
 c - 2 potions of curing {unknown}
 d - 2 potions of might
Books
 a - a book of Frost

   Spells                             Type                      Level
   a - Freeze                         Ice                          1
   b - Throw Frost                    Conjuration/Ice              2
   c - Ozocubu's Armour               Charms/Ice                   3
   d - Throw Icicle                   Conjuration/Ice              4
   e - Summon Ice Beast               Ice/Summoning                4
Comestibles
 b - 3 rations


   Skills:
 + Level 0.5 Fighting
 - Level 2.6 Dodging
 - Level 5.0 Stealth
 - Level 0.6 Unarmed Combat
 - Level 2.0 Spellcasting
   Level 0.8 Conjurations
 + Level 2.8 Ice Magic


You had 5 spell levels left.
You knew the following spells:

 Your Spells              Type           Power        Failure   Level  Hunger
a - Freeze                Ice            ##..         6%          1    #......


Dungeon Overview and Level Annotations

Branches:
Dungeon (2/15)

Altars:
Nemelex Xobeh

Annotations:
D:2 Natasha


Innate Abilities, Weirdness & Mutations

You cannot wear armour.
You are incapable of wielding weapons or throwing items.
Your paws allow you to move quietly. (Stealth)
You have sharp claws.
You have razor-sharp teeth.
You have supernaturally acute eyesight. (SInv)
You are carnivorous and can eat meat at any time.
You cover ground quickly.
You are covered in fur. (AC +1)
You have a slow metabolism.
Your sharp claws are effective at attacking unaware monsters.


Message History

Aiming: Freeze
Press: ? - help, Shift-Dir - straight line, f/p - Natasha
Aim: Natasha (severely wounded, unusually strong)
You freeze Natasha.
Natasha is almost dead.
Natasha barely misses you.
Casting: Freeze
Confirm with . or Enter, or press ? or * to list all spells.
You don't have enough magic to cast that spell.
You closely miss Natasha.
Natasha is almost dead.
Natasha misses you.
Natasha mumbles some strange words.
Natasha glows brightly for a moment.
Natasha casts a spell at you. The magic dart hits you!
* * * LOW HITPOINT WARNING * * *
Natasha casts a spell at you. The magic dart hits you!
You die...

#..#<#.........
####..#.#.###.#†..
##.....#.....#÷#...
#.....)#...#.......
#..######.##.......
#..# ####..........
#..# #.............
#..###............#
#.@...............#
#.###............##
#h..#............#
###.#............#
#h##...........#
####.##............
#.............##
#.##..........#
#.............#


You could see Natasha.

Vanquished Creatures
  An ooze (D:1)
  2 dart slugs (D:1)
  3 giant cockroaches
  3 goblins (D:2)
  7 hobgoblins
  4 jackals (D:2)
  A ball python (D:2)
  5 bats
  3 frilled lizards
  4 kobolds (D:2)
  2 rats (D:2)
35 creatures vanquished.

Notes
Turn   | Place    | Note
-------+----------+-------------------------------------------
     0 | D:1      | inc the Felid Ice Elementalist began the quest for the Orb.
     0 | D:1      | Reached XP level 1. HP: 7/7 MP: 4/4
   267 | D:1      | Reached skill level 3 in Stealth
   435 | D:1      | Reached XP level 2. HP: 10/12 MP: 4/6
   444 | D:1      | Reached skill level 4 in Stealth
   580 | D:1      | Found a sparkling altar of Nemelex Xobeh.
   891 | D:2      | Reached XP level 3. HP: 12/15 MP: 0/7
  1118 | D:2      | Reached skill level 5 in Stealth
  1465 | D:2      | Noticed Natasha
  1489 | D:2      | Killed from afar by Natasha

Skill      XL: |  1  2  3 |
---------------+----------+-----
Stealth        | 3 4 5 |  5.0
Fighting       | |  0.5
Dodging        | |  2.6
Unarmed Combat | |  0.6
Spellcasting   | |  2.0
Conjurations   | |  0.8
Ice Magic      | |  2.8

Action                   || total
-------------------------++-------
Melee: Unarmed           ||    26
       Bite              ||     1
 Cast: Freeze            ||    51
 Stab: Sleeping          ||     4
  Eat: Chunk             ||     6
Armor: Skin              ||     7
Dodge: Dodged            ||    71
